 Dungeon Crawl Stone Soup version 0.27-a0-830-ga1c911b16d (webtiles) character file.

Game seed: 6774581844821885741

1596 McIrco the Fighter (level 8, -10/67 HPs)
             Began as a Djinni Conjurer on Mar 31, 2021.
             Was a Follower of Ashenzari.
             Shot with an arrow by a centaur (12 damage)
             ... on level 6 of the Dungeon.
             The game lasted 00:28:40 (9789 turns).

McIrco the Fighter (Djinni Conjurer)                Turns: 9789, Time: 00:28:41

Health: -10/67     AC:  2    Str:  7    XL:     8   Next: 93%
Gold:   339        EV: 28    Int: 21    God:    Ashenzari [*.....] SH:  0 Dex: 12

rFire    + + .     SeeInvis .   w - +6 trident "Overhang to Understand" {flame, Cun, Fort} (curse)
rCold    x . .     Faith    .   (no shield)
rNeg     . . .     Spirit   .   a - +0 robe of Curses and Power {Self, Cun} (curse)
rPois    ∞         Reflect  .   (no helmet)
rElec    .         Harm     .   (no cloak)
rCorr    +         Rampage  .   (no gloves)
Will     .....                  (boots unavailable)
Stlth    ++........             A - amulet of the acrobat
HPRegen  0.21/turn              (no ring)
MPRegen  0.00/turn              m - ring of resist corrosion

@: acrobatic, flying
A: fire resistance 2, cold vulnerability 1, float, innate caster, hp casting,
extra vitality 1
a: Renounce Religion, Shatter the Chains


You were on level 6 of the Dungeon.
You worshipped Ashenzari.
Ashenzari was aware of your devotion.
You visited 2 branches of the dungeon, and saw 7 of its levels.

You collected 339 gold pieces.

Inventory:

Hand Weapons
 w - the cursed +6 trident "Overhang to Understand" (weapon) {flame, Cun, Fort}
   (You took it off a goblin on level 4 of the Dungeon)

   It has been specially enchanted to burn those struck by it, causing extra
   injury to most foes and up to half again as much damage against particularly
   susceptible opponents.
   It has a curse which improves the following skills: Cunning: Dodging and
   Stealth.
   Fortitude: Armour and Shields.
Armour
 a - the cursed +0 robe of Curses and Power (worn) {Self, Cun}

   It has a curse which improves the following skills: Introspection: Fighting
   and Spellcasting.
   Cunning:   Dodging and Stealth.
 o - a +2 leather armour of fire resistance
Magical Staves
 f - a staff of earth
Jewellery
 j - a ring of fire
 m - a ring of resist corrosion (right hand)
 A - an amulet of the acrobat (around neck)
Wands
 n - a wand of charming (6)
 q - a wand of flame (68)
 v - a wand of acid (4)
 y - a wand of digging (5)
Scrolls
 b - 5 scrolls of amnesia
 d - 2 scrolls of magic mapping
 g - a scroll of fog
 h - a scroll of vulnerability
 k - 4 scrolls of identify
 s - a scroll of enchant armour
 u - a scroll of summoning
Potions
 c - 2 potions of lignification
 e - 3 potions of mutation
 i - 2 potions of curing
 l - 2 potions of brilliance
 p - 2 potions of ambrosia
 r - a potion of haste
 t - a potion of berserk rage
 x - 3 potions of heal wounds
 z - a potion of invisibility


   Skills:
 + Level 8.6(9.6) Fighting
 - Level 2.1(3.4) Dodging
 - Level 1.5(2.7) Stealth
 + Level 6.6(7.7) Spellcasting


You had 2 spell levels left.
You knew the following spells:

 Your Spells              Type           Power      Damage    Failure   Level
a - Magic Dart            Conj           100%       1d8       1%          1
b - Searing Ray           Conj           80%        3d6       1%          2
c - Fulminant Prism       Conj/Hex       20%        3d13      3%          4
d - Dazzling Flash        Conj/Hex       80%        N/A       1%          3
e - Iskenderun's Mystic   Conj/Tloc      40%        2d9       3%          4
f - Corona                Hex            44%        N/A       1%          1
g - Blink                 Tloc           N/A        N/A       1%          2
h - Portal Projectile     Hex/Tloc       80%        N/A       1%          3
Your spell library was empty.

Dungeon Overview and Level Annotations

Branches:
Dungeon (6/15)             Temple (1/1) D:4

Altars:
Ashenzari
Cheibriados
Dithmenos
Elyvilon
Fedhas
Gozag
Hepliaklqana
Kikubaaqudgha
Makhleb
Nemelex Xobeh
Okawaru
Qazlal
Ru
Sif Muna
Trog
Uskayaw
Vehumet
Wu Jian
Xom
Yredelemnul
Zin
The Shining One


Innate Abilities, Weirdness & Mutations

You are immune to poison.
Your flesh is very heat resistant. (rF++)
You are vulnerable to cold. (rC-)
You float through the air rather than walking.
You learn spells naturally, not from books.
Your magical power is your life essence.
You have superior vitality. (+4 HP)


Message History

A fulminant prism comes into view.
The wyvern zombie bites you.
* * * LOW HITPOINT WARNING * * *
The centaur unwields the +4 long sword of Pocicku {pain, rElec rC+}.
The centaur wields a +0 shortbow.
The centaur shoots an arrow.
The arrow hits your fulminant prism.
Unknown command.
Unknown command.
Unknown command.
Casting: Fulminant Prism (dangerous; 3% risk of failure)
Confirm with . or Enter, or press ? or * to list all spells.
You don't know that spell.
Unknown command.
Casting: Fulminant Prism (dangerous; 3% risk of failure)
Confirm with . or Enter, or press ? or * to list all spells.
Aiming: Searing Ray (safe; 1% risk of failure)
Press: ? - help, Shift-Dir - straight line, f - wyvern zombie
Aim: a wyvern zombie (severely damaged, 7% to evade)
The searing ray hits the wyvern zombie!
You destroy the wyvern zombie! (Press . to maintain the ray.)
* * * LOW HITPOINT WARNING * * *
The centaur shoots an arrow.
The arrow hits your fulminant prism!
Your fulminant prism crackles loudly.
Unknown command.
The centaur shoots an arrow.
The arrow hits your fulminant prism!
Your fulminant prism explodes!
The blast of energy engulfs the centaur.
The centaur is lightly wounded.
The centaur shoots an arrow.
The arrow hits you!
* * * LOW HITPOINT WARNING * * *
Unknown command.
Unknown command.
Unknown command.
The centaur shoots an arrow.
The arrow completely misses you.
Unknown command.
The centaur shoots an arrow.
The arrow completely misses you.
The centaur shoots an arrow.
The arrow completely misses you.
The centaur shoots an arrow.
The arrow hits you!
You die...

#....# #.##c...# #.......# #.#
#.# #.# #.# ##########.#
#.........@# #..#####...#
#..#####.#.########
###..##...###.......#
#.......##.#..#####.#
##.#..#####.....# #.#
##..............#####.#####
##..............##.........#
##.......#######.##.###<###.##


You could see a centaur.

Vanquished Creatures
  Grinder (D:3)
  A water moccasin (D:6)
  A black bear (D:6)
  An ice beast (D:4)
  3 ogres
  A phantom (D:5)
  A wyvern zombie (D:6)
  A scorpion (D:4)
  A water moccasin zombie (D:5)
  A centaur zombie (D:5)
  A gnoll shaman (D:5)
  3 hounds
  A bullfrog skeleton (D:6)
  An iguana (D:6)
  Terence (D:3)
  Natasha (thrice) (D:3)
  A scorpion zombie (D:5)
  Ijyb (D:3)
  A howler monkey skeleton (D:6)
  6 gnolls
  9 adders
  A shadow imp (D:4)
  2 white imps
  A worm (D:4)
  4 dart slugs
  11 orcs
  6 ball pythons
  5 endoplasms
  4 giant cockroaches
  7 goblins
  7 hobgoblins
  12 jackals
  9 kobolds
  5 quokkas
  6 bats
  2 frilled lizards
  7 rats (D:1)
129 creatures vanquished.

Vanquished Creatures (others)
  22 fulminant prisms
  7 plants (D:2)
29 creatures vanquished.

Grand Total: 158 creatures vanquished

Notes
Turn   | Place    | Note
-------+----------+-------------------------------------------
     0 | D:1      | McIrco the Djinni Conjurer began the quest for the Orb.
     0 | D:1      | Reached XP level 1. HP: 15/15 MP: 0/0
    94 | D:1      | Reached skill level 1 in Fighting
   113 | D:1      | Reached XP level 2. HP: 6/22 MP: 0/0
   594 | D:1      | Reached skill level 2 in Fighting
   963 | D:1      | Reached XP level 3. HP: 22/29 MP: 0/0
   963 | D:1      | Learned a level 1 spell: Corona
  1266 | D:1      | Reached skill level 3 in Fighting
  2046 | D:2      | Reached XP level 4. HP: 26/35 MP: 0/0
  2151 | D:2      | You are sucked into a shaft and drop 2 floors!
  3935 | D:3      | Noticed Ijyb
  3959 | D:3      | Killed Ijyb
  3960 | D:3      | Reached XP level 5. HP: 4/40 MP: 0/0
  3960 | D:3      | Learned a level 2 spell: Blink
  4410 | D:3      | Noticed Natasha
  4415 | D:3      | Killed Natasha
  4489 | D:3      | Noticed Natasha
  4495 | D:3      | Killed Natasha
  4523 | D:3      | Noticed Natasha
  4529 | D:3      | Killed Natasha
  4760 | D:3      | Reached skill level 5 in Spellcasting
  4791 | D:3      | Reached XP level 6. HP: 40/47 MP: 0/0
  4887 | D:3      | Noticed Grinder
  4912 | D:3      | Killed Grinder
  4913 | D:3      | Reached skill level 5 in Fighting
  5000 | D:3      | Noticed Terence
  5776 | D:3      | Killed Terence
  5777 | D:3      | Reached XP level 7. HP: 34/54 MP: 0/0
  5777 | D:3      | Learned a level 3 spell: Portal Projectile
  6164 | D:4      | Found a staircase to the Ecumenical Temple.
  6173 | Temple   | Entered the Ecumenical Temple
  6345 | Temple   | Became a worshipper of Ashenzari the Shackled
  6498 | D:4      | Reached skill level 6 in Fighting
  7176 | D:4      | Found a shimmering altar of Xom.
  7453 | D:5      | Entered Level 5 of the Dungeon
  7610 | D:5      | Reached skill level 7 in Fighting
  7726 | D:5      | Reached XP level 8. HP: 47/65 MP: 0/0
  7743 | D:5      | Reached skill level 8 in Fighting
  8289 | D:5      | Found an ornate altar of the Wu Jian Council.
  9015 | D:6      | Reached * piety under Ashenzari
  9782 | D:6      | Identified the +4 long sword of Pocicku {pain, rElec rC+}
  9785 | D:6      | HP: 1/67 [centaur/arrow (13)]
  9789 | D:6      | Shot with an arrow by a centaur

Illustrated notes

Levels and vault maps discovered:
D:1:      sevenhm_arrival_forest_fort_large_2, layout_basic, dk_noncrumbling_3,
          minmay_box_of_dots
D:2:      layout_basic, serial_forest, infiniplex_forest_lined_2,
          infiniplex_forest_clump_C, infiniplex_forest_straight_2,
          infiniplex_forest_straight_3, infiniplex_forest_clump_small,
          infiniplex_forest_straight_2, infiniplex_forest_clump_diagonal
D:3:      layout_loops_ring, minmay_misc_feat_five, uniq_ijyb, uniq_natasha,
          uniq_grinder, uniq_terence
D:4:      layout_layer_cave, minmay_temple_entry_stoned_glass, tgw_xom
D:5:      layout_basic, lemuel_doored_altar
D:6:      layout_loops_corners, ebering_ghost_xom, nrook_mini_backslash
Temple:   minmay_crystal_snake_temple

Skill      XL: |  1  2  3  4  5  6  7  8 |
---------------+-------------------------+-----
Fighting       | 1 2 3 5 7 8 |  8.6
Spellcasting   | 4 5 6 |  6.6
Dodging        | |  2.1
Stealth        | |  1.5

Action                   |  1- 3 |  4- 6 |  7- 9 || total
-------------------------+-------+-------+-------++-------
Melee: Staff             |       |     3 |       ||     3
       Trident           |       |       |    12 ||    12
 Cast: Magic Dart        |    88 |    94 |   138 ||   320
       Searing Ray       |     1 |     6 |     6 ||    13
       Fulminant Prism   |       |     7 |    16 ||    23
Invok: Curse Item        |       |       |     2 ||     2
Armor: Robe              |     1 |     2 |     7 ||    10
Dodge: Dodged            |    14 |    13 |    27 ||    54

Table legend: (Time is in decaauts)
 A = Elapsed time spent in this place.
 B = Non-inter-level travel time spent in this place.
 C = Inter-level travel time spent in this place.
 D = Time resting spent in this place.
 E = Time spent auto-exploring this place.
 F = Levels seen in this place.
 G = Mean time per level.
                   A        B        C        D        E       F      G
               +--------+--------+--------+--------+--------+-----+--------+
         Total |   9819 |   9223 |    596 |   2568 |   5784 |   7 | 1402.7 |
       Dungeon |   9610 |   9051 |    559 |   2568 |   5622 |   6 | 1601.7 |
        Temple |    208 |    172 |     36 |      0 |    162 |   1 |  208.0 |
               +--------+--------+--------+--------+--------+-----+--------+

Top non-repeatable levels by time:
     D:1: 2044 daAuts
     D:3: 2017 daAuts
     D:2: 1721 daAuts
     D:4: 1717 daAuts
     D:5: 1141 daAuts
     D:6: 967 daAuts
  Temple: 208 daAuts
